 Dungeon Crawl Stone Soup version 0.29.1-15-g9cfb28693d (webtiles) character file.

Game seed: 7534158180772825531

120 Groucho the Conjurer (level 4, -3/24 HPs)
             Began as a Deep Elf Conjurer on Apr 7, 2023.
             Killed from afar by Natasha (6 damage)
             ... with a puff of flame
             ... on level 3 of the Dungeon.
             The game lasted 00:04:38 (3302 turns).

Groucho the Conjurer (Deep Elf Conjurer)            Turns: 3302, Time: 00:04:39

Health: -3/24      AC:  3    Str: 12    XL:     4   Next: 75%
Magic:  7/11       EV: 13    Int: 29    God:
Gold:   90         SH:  0    Dex: 13    Spells: 7/10 levels left

rFire   . . .      SeeInvis .   f - +0 dagger
rCold   . . .      Faith    .   (no shield)
rNeg    . . .      Spirit   .   a - +0 robe
rPois   .          Reflect  .   (no helmet)
rElec   .          Harm     .   (no cloak)
rCorr   .          Rampage  .   (no gloves)
Will    .....                   i - +0 pair of boots
Stlth   ++........              (no amulet)
HPRegen 0.08/turn               m - +6 ring of intelligence
MPRegen 0.12/turn               n - +6 ring of strength

@: hasted, very quick
A: no striking features
a: no special abilities


You were on level 3 of the Dungeon.
You visited 1 branch of the dungeon, and saw 3 of its levels.

You collected 90 gold pieces.

Inventory:

Hand Weapons
 f - a +0 dagger (weapon)
Missiles
 k - 3 poisoned darts
Armour
 a - a +0 robe (worn)
 i - a +0 pair of boots (worn)
Jewellery
 m - a +6 ring of intelligence (left hand)
 n - a +6 ring of strength (right hand)
 t - a ring of positive energy
Scrolls
 c - 5 scrolls of identify {unknown}
 h - a scroll of summoning {unknown}
 j - a scroll of teleportation {unknown}
 l - a scroll of torment {unknown}
 o - a scroll of enchant armour {unknown}
 p - a scroll of amnesia {unknown}
 q - a scroll of blinking {unknown}
Potions
 b - a potion of magic
 d - a potion of heal wounds {unknown}
 e - a potion of brilliance {unknown}
 g - a potion of haste
 r - a potion of invisibility {unknown}
 s - a potion of lignification {unknown}


   Skills:
 + Level 3.2 Dodging
 + Level 2.7 Stealth
 + Level 3.6 Spellcasting
 * Level 6.1 Conjurations


You had 7 spell levels left.
You knew the following spells:

 Your Spells              Type           Power      Damage    Failure   Level
a - Magic Dart            Conj           100%       1d8       1%          1
b - Searing Ray           Conj           80%        2d7       1%          2

Your spell library contained the following spells:

 Spells                   Type           Power      Damage    Failure   Level
 Dazzling Flash           Conj/Hex       46%        N/A       6%          3
 Fulminant Prism          Conj/Hex       11%        3d9       21%         4
 Iskenderun's Mystic Bla  Conj/Tloc      23%        2d6       21%         4
 Gell's Gravitas          Tloc           5%         N/A       22%         3
 Lesser Beckoning         Tloc           5%         N/A       22%         3
 Teleport Other           Tloc           5%         N/A       22%         3
 Animate Dead             Necr           5%         N/A       58%         4
 Borgnjor's Vile Clutch   Necr/Erth      2%         N/A       90%         5
 Death Channel            Necr           2%         N/A       100%        6


Dungeon Overview and Level Annotations

Branches:
Dungeon (3/15)

Altars:
Makhleb
Yredelemnul
Zin

Shops:
D:2 *

Annotations:
D:3 Natasha


Message History

Natasha is almost dead.
Natasha casts a spell at you. The magic dart hits you!
The magic dart hits Natasha but does no damage.
Natasha is almost dead.
Natasha stares at you and mumbles some strange words.
The magic dart hits you!
You are too injured to fight recklessly!
You are too injured to fight recklessly!
You are too injured to fight recklessly!
Aiming: Magic Dart (safe; 1% risk of failure)
Press: ? - help, Q - select action, (/) - cycle Shift-Dir - straight line, f/p - Natasha
Aim: Natasha, carrying a wand of flame (13) (almost dead, unusually resistant, 100% to hit)
The magic dart hits Natasha!
You kill Natasha!
Natasha yowls pathetically as she dies!
Your Dodging skill increases to level 3!
You start resting.
Magic restored.
You start resting.
Natasha, Servant of Life and Death comes into view.
She is carrying a wand of flame (13).
Natasha is nearby!
Natasha is nearby!
The magic dart hits Natasha but does no damage.
Natasha hisses angrily.
Natasha casts a spell.
The magic dart hits Natasha.
Natasha is lightly wounded.
The magic dart hits Natasha.
Natasha is moderately wounded.
Natasha zaps a wand.
The puff of flame hits you!
The magic dart hits Natasha.
Natasha is heavily wounded.
Natasha casts a spell at you. The magic dart hits you!
* * * LOW HITPOINT WARNING * * *
You are too injured to fight recklessly!
It was a potion of haste.
You feel yourself speed up.
Natasha zaps a wand.
The puff of flame hits you.
You die...

##
##.#...............#######.#
.####....<...........### #.#
.........#.#####....## #.#
.#####.#.#.# #.#.## #.# ##
#.#.#.#####.#.### #.# ##
#.#.#...........####### #.#
.#####.#.###)###.###.....<.#
#.# .....#.#.###.# #.#
#..####.# #.# .###.......#.#
#@# #..####.###.#
######.#.#.#.#
#.###...........##
#......#.#.#.#
#.##......#.......
#.######...#.#
#h...>............ #.#
#..##.# #.5........#######
#.######..##.# #..........#
#
..........##.###..........#
#.#######.##..........)..##
#.# #.######........##


You could see an iron imp (summoned) and Natasha.

Vanquished Creatures
  Natasha (twice) (D:3)
  A gnoll (D:2)
  2 adders (D:3)
  3 dart slugs
  2 bats
  2 endoplasms (D:3)
  4 giant cockroaches
  2 goblins
  3 hobgoblins
  3 jackals (D:3)
  A quokka (D:3)
  A ball python (D:1)
  2 frilled lizards (D:1)
  6 kobolds
  4 rats
38 creatures vanquished.

Notes
Turn   | Place    | Note
-------+----------+-------------------------------------------
     0 | D:1      | Groucho the Deep Elf Conjurer began the quest for the Orb.
     0 | D:1      | Reached XP level 1. HP: 10/10 MP: 6/6
   705 | D:1      | Reached XP level 2. HP: 15/15 MP: 6/8
   708 | D:1      | Learned a level 2 spell: Searing Ray
   817 | D:1      | Reached skill level 5 in Conjurations
  1913 | D:2      | Found Imautso's Assorted Antiques.
  1951 | D:2      | Reached XP level 3. HP: 19/19 MP: 3/9
  1952 | D:3      | Found a burning altar of Makhleb.
  1952 | D:3      | Found a glowing silver altar of Zin.
  1952 | D:3      | Found a basalt altar of Yredelemnul.
  2609 | D:3      | Noticed Natasha
  2614 | D:3      | Killed Natasha
  2615 | D:3      | Reached skill level 6 in Conjurations
  2615 | D:3      | Reached XP level 4. HP: 15/24 MP: 4/11
  3135 | D:3      | Noticed Natasha
  3146 | D:3      | Killed Natasha
  3297 | D:3      | Noticed Natasha
  3302 | D:3      | Killed from afar by Natasha

Illustrated notes

Levels and vault maps discovered:
D:1:      heliophobic_arrival_dark_side_of_the_moon, layout_loops_corners
D:2:      layout_loops_ring, serial_shops, nicolae_lakefront_shop, shop,
          shapermc_ecumenical_altar_notcrosses, grunt_decor_resistance
D:3:      layout_loops_ring, chequers_temple_overflow_statue_of_worship,
          uniq_natasha

Skill      XL: |  1  2  3  4 |
---------------+-------------+-----
Conjurations   | 5 6 |  6.1
Dodging        | 3 |  3.2
Stealth        | |  2.7
Spellcasting   | |  3.6

Action                   |  1- 3 |  4- 6 || total
-------------------------+-------+-------++-------
 Cast: Magic Dart        |    67 |    28 ||    95
  Use: Potion            |       |     1 ||     1
Armor: Robe              |     1 |     1 ||     2
Dodge: Dodged            |     1 |     1 ||     2
